 Dungeon Crawl Stone Soup version 0.19-a0-450-g98b348d (webtiles) character file.

779 mopl the Insei (level 7, -1/56 HPs)
             Began as a Mummy Monk on June 1, 2016.
             Shot with an arrow by a centaur (14 damage)
             ... on level 6 of the Dungeon.
             The game lasted 00:12:46 (9285 turns).

mopl the Insei (Mummy Monk)                         Turns: 9285, Time: 00:12:47

Health: -1/56      AC:  1    Str: 15    XL:     7   Next: 54%
Magic:  7/7        EV:  9    Int:  9    God:
Gold:   227        SH:  0    Dex: 16    Spells: 0 memorised, 6 levels left

rFire  x . .     SeeInvis .       - Unarmed
rCold  + . .     Gourm    .     (no armour)
rNeg   + + +     Faith    .     (no shield)
rPois  ∞         Spirit   .     (no helmet)
rElec  .         Dismiss  .     c - +0 cloak
rCorr  .         Reflect  .     (no gloves)
SustAt .         Harm     .     (no boots)
MR     .....                    (no amulet)
Stlth  ++........               (no ring)
                                (no ring)

@: not resistant to hostile enchantments, unstealthy
A: no food or potions, fire vulnerability, cold resistance 1, negative energy
resistance 3, torment resistance, unbreathing
a: no special abilities


You were on level 6 of the Dungeon.
You were not hungry.

You visited 2 branches of the dungeon, and saw 8 of its levels.

You collected 227 gold pieces.

Inventory:

Armour
 c - a +0 cloak (worn)
 j - a +0 buckler
Scrolls
 a - a scroll of blinking
 b - a scroll of enchant armour
 d - a scroll of fog {unknown}
 g - a scroll of remove curse
 k - a scroll of fear {unknown}


   Skills:
 + Level 5.1 Fighting
 + Level 4.0 Dodging
 - Level 1.5 Stealth
 * Level 6.1 Unarmed Combat


You had 6 spell levels left.
You didn't know any spells.

Dungeon Overview and Level Annotations

Branches:
Dungeon (7/15)             Temple (1/1) D:5

Altars:
Elyvilon
Fedhas
Pakellas

Shops:
D:4 }

Annotations:
D:5 exclusion: jelly


Innate Abilities, Weirdness & Mutations

You do not eat or drink.
Your flesh is vulnerable to fire.
You are immune to poison.
Your flesh is cold resistant. (rC+)
You are immune to negative energy. (rN+++)
You are immune to unholy pain and torment.
You can survive without breathing.


Message History

2 orcs and 2 orc wizards come into view.
The orc shouts!
An orc comes into view. It is wielding a whip.
The orc wizard shouts! x2
The sky beast flickers out of sight!
Deactivating autopickup; reactivate with Ctrl-A.
The orc shouts!
The orc wizard hits you with a dagger.
The orc wizard casts a spell.
The orc wizard seems to speed up.
Found a stone staircase leading down.
A centaur comes into view.
The orc wizard casts a spell at you.
The magic dart hits something.
The centaur shouts!
The centaur wields a shortbow.
The centaur shoots an arrow.
The arrow hits you.
* * * LOW HITPOINT WARNING * * *
There is a stone staircase leading down here.
The centaur shoots an arrow.
The arrow hits you!
You die...

#.# #.#...# #
########o# #.##..##.###
.o..o....# #..........#
#####...##
#####..###### +...+
...#.......#
#..o######.#..##.#.#
#.....o..........#
#....##..#.#####.#
####.#..@#.#.....#
#....##.#.###.#
#....##.#.....#+##
#....##.######...#
#....##..........# .
......#########...#....
##.c.... #...#....
#....# #.#####...#....
#........## ...


You could see a centaur and an orc wizard.

Vanquished Creatures
  A necrophage (D:4)
  An ogre (D:4)
  2 centaurs
  A crimson imp (D:4)
  An orc wizard (D:3)
  A centaur skeleton (D:4)
  2 giant frog skeletons (D:4)
  Ijyb (D:1)
  2 worker ants (D:4)
  3 gnolls
  6 adders
  A shadow imp (D:5)
  3 oozes
  An adder skeleton (D:4)
  2 worms (D:3)
  3 dart slugs
  2 giant geckos
  3 orcs
  8 giant cockroaches
  9 goblins
  9 hobgoblins
  16 jackals
  11 kobolds
  3 quokkas
  A ball python (D:1)
  9 bats
  2 giant gecko skeletons (D:4)
  7 giant newts
  10 rats
121 creatures vanquished.

Notes
Turn   | Place    | Note
--------------------------------------------------------------
     0 | D:1      | mopl the Mummy Monk began the quest for the Orb.
     0 | D:1      | Reached XP level 1. HP: 18/18 MP: 1/1
   619 | D:1      | Reached XP level 2. HP: 24/24 MP: 2/2
  1044 | D:1      | Reached XP level 3. HP: 22/29 MP: 3/3
  2409 | D:2      | Noticed Ijyb
  2475 | D:1      | Killed Ijyb
  2475 | D:1      | Reached XP level 4. HP: 21/37 MP: 4/4
  2672 | D:2      | Reached skill level 3 in Dodging
  2760 | D:2      | Reached skill level 4 in Unarmed Combat
  3288 | D:2      | Found a white marble altar of Elyvilon.
  3444 | D:2      | Reached skill level 4 in Fighting
  3561 | D:3      | Reached XP level 5. HP: 23/42 MP: 5/5
  3824 | D:3      | Found a faded altar of an unknown god.
  3979 | D:2      | HP: 2/42 [jackal (1)]
  5856 | D:4      | Reached skill level 5 in Unarmed Combat
  5856 | D:4      | Reached XP level 6. HP: 28/48 MP: 6/6
  6385 | D:4      | Found an oddly glowing altar of Pakellas.
  6385 | D:4      | Found Pakellas's Prime Provisions.
  6796 | D:4      | Reached XP level 7. HP: 33/55 MP: 7/7
  7219 | D:4      | Found a blossoming altar of Fedhas.
  8093 | D:5      | Entered Level 5 of the Dungeon
  8157 | D:5      | Found a staircase to the Ecumenical Temple.
  8163 | Temple   | Entered the Ecumenical Temple
  8573 | D:5      | Reached skill level 5 in Fighting
  8573 | D:5      | Reached skill level 6 in Unarmed Combat
  8848 | D:5      | You fall through a shaft for 2 floors!
  8879 | D:7      | Reached skill level 4 in Dodging
  9285 | D:6      | Shot with an arrow by a centaur

Vault maps used:
D:1:      minmay_arrival_shattered_statue
D:2:      lemuel_coloured_pillars_altar, uniq_iyjb
D:3:      first_bread, ecumenical_altar_2
D:4:      overflow_temple_1_default, zin_treasury, johnstein_pakellas_shop
D:5:      nemelex_xobeh_ov_fountains_minmay, minmay_temple_entry_hall
D:6:      lemuel_crystal_altar, kennysheep_little_box
D:7:      marbit_many_paths
Temple:   eino_temple_water_12

Skill      XL: |  1  2  3  4  5  6  7 |
---------------+----------------------+-----
Dodging        | 3 4 |  4.0
Unarmed Combat | 4 5 6 |  6.1
Fighting       | 4 5 |  5.1
Stealth        | |  1.5

Action                   |  1- 3 |  4- 6 |  7- 9 || total
-------------------------+-------+-------+-------++-------
Melee: Unarmed           |   154 |   304 |    79 ||   537
       Punch             |     2 |    11 |     6 ||    19
  Use: Scroll            |       |     2 |     6 ||     8
 Stab: Sleeping          |     4 |     3 |       ||     7
Dodge: Dodged            |    90 |   199 |    50 ||   339
